 Dungeon Crawl Stone Soup version 0.23.0-3-gf3c87f2 (webtiles) character file.

Game seed: 18338249468979159685

1367 Fang the Skirmisher (level 8, -3/52 HPs)
             Began as a Gargoyle Berserker on Feb 22, 2019.
             Was a Priest of Trog.
             Slain by Prince Ribbit (14 damage)
             ... on level 6 of the Dungeon.
             The game lasted 00:06:08 (6278 turns).

Fang the Skirmisher (Gargoyle Berserker)            Turns: 6278, Time: 00:06:08

Health: -3/52      AC: 19    Str: 22    XL:     8   Next: 65%
Magic:  8/8        EV: 13    Int:  9    God:    Trog [***...]
Gold:   143        SH:  0    Dex: 12    Spells: 7/7 levels left

rFire    + . .     SeeInvis .   s - +0 war axe
rCold    . . .     Gourm    .   (no shield)
rNeg     + . .     Faith    .   t - +2 leather armour {rF+}
rPois    ∞         Spirit   .   (no helmet)
rElec    +         Reflect  .   (no cloak)
rCorr    +         Harm     .   j - +1 pair of gloves {Dex+3}
MR       +....                  y - +5 pair of boots "Hyddiodgh" {rCorr}
Stlth    +.........             (no amulet)
HPRegen  0.17/turn              i - ring of protection from magic
MPRegen  0.11/turn              (no ring)

@: no status effects
A: negative energy resistance 1, electricity resistance, unbreathing,
petrification resistance, rot immunity, AC +5
a: Berserk, Trog's Hand, Renounce Religion


You were on level 6 of the Dungeon.
You worshipped Trog.
Trog was most pleased with you.
You were not hungry.

You visited 2 branches of the dungeon, and saw 7 of its levels.

You collected 361 gold pieces.
You spent 218 gold pieces at shops.

Inventory:

Hand Weapons
 a - a +0 hand axe
 s - a +0 war axe (weapon)
 x - a cursed +3 battleaxe
Armour
 j - a +1 pair of gloves of dexterity (worn)
 t - a +2 leather armour of fire resistance (worn)
 y - the +5 pair of boots "Hyddiodgh" (worn) {rCorr}
   (You bought it in a shop on level 6 of the Dungeon)

   It provides partial protection from all sources of acid and corrosion.
Jewellery
 i - a ring of protection from magic (left hand)
Wands
 k - a wand of flame (22)
 q - a wand of acid (9)
Scrolls
 d - 3 scrolls of magic mapping {unknown}
 g - 4 scrolls of fog {unknown}
 h - 7 scrolls of identify {unknown}
 l - 2 scrolls of teleportation {unknown}
 n - a scroll of blinking {unknown}
 u - a scroll of fear {unknown}
 v - a scroll of amnesia {unknown}
 w - a scroll of enchant weapon {unknown}
 B - a scroll of enchant armour {unknown}
Potions
 b - 3 potions of curing {unknown}
 e - 2 potions of cancellation {unknown}
 f - 2 potions of mutation {unknown}
 m - a potion of degeneration {unknown}
 o - 2 potions of might {unknown}
 p - 4 potions of heal wounds {unknown}
 r - a potion of haste {unknown}
 z - a potion of agility {unknown}
Comestibles
 c - 13 rations
 A - a chunk of flesh


   Skills:
 + Level 6.4 Fighting
 + Level 5.4 Axes
 + Level 6.0 Armour
 + Level 4.5 Dodging


You had 7 spell levels left.
You didn't know any spells.
Your spell library was empty.

Dungeon Overview and Level Annotations

Branches:
Dungeon (6/15)             Temple (1/1) D:5

Altars:
Fedhas
Kikubaaqudgha
Okawaru
Ru
Wu Jian
Xom

Shops:
D:6 [%

Annotations:
D:6 Prince Ribbit


Innate Abilities, Weirdness & Mutations

You are resistant to torment.
Your stone body is resilient. (AC +5)
You are immune to poison.
You resist negative energy. (rN+)
You are resistant to electric shocks. (rElec)
You can survive without breathing.
You are immune to petrification.
You are immune to rotting.


Message History

You are too injured to fight recklessly!
You are too injured to fight recklessly!
You are too injured to fight recklessly!
You are too injured to fight recklessly!
You are too injured to fight recklessly!
You are too injured to fight recklessly!
You are too injured to fight recklessly!
Prince Ribbit closely misses you.
Prince Ribbit blinks!
You swing at nothing.
Prince Ribbit blinks!
You slash Prince Ribbit!
Prince Ribbit is heavily wounded.
Prince Ribbit hits you but does no damage.
You barely miss Prince Ribbit.
Prince Ribbit is heavily wounded.
Prince Ribbit hits you. Prince Ribbit hits you!
* * * LOW HITPOINT WARNING * * *
You closely miss Prince Ribbit.
Prince Ribbit is heavily wounded.
Prince Ribbit misses you. Prince Ribbit hits you!
You die...

##.......#.##.###
##..............##
##.......#.####..#
####...##........#
# #.÷.(..##'##..#
# ##.###.#...#..#
#####.# #.#.⌠.#..#
......# #.#...#..#
####### #.##+##F@#
#........#
####.....# #######


You could see Prince Ribbit.

Vanquished Creatures
  An ice beast (D:6)
  2 sky beasts (D:5)
  2 ogres
  A bullfrog (D:6)
  5 wights (D:6)
  A crimson imp (D:5)
  2 hounds
  A centaur skeleton (D:4)
  2 orc priests
  2 bullfrog skeletons
  An iguana (D:6)
  6 orc wizards
  A hound skeleton (D:6)
  3 adders
  8 gnolls (D:6)
  A shadow imp (D:5)
  3 adder skeletons
  3 worms
  A dart slug (D:1)
  6 leopard geckos
  12 orcs
  A ball python (D:3)
  3 bats (D:1)
  2 giant cockroaches
  10 goblins
  6 hobgoblins
  3 jackals (D:3)
  6 kobolds
  A quokka (D:3)
  5 frilled lizards
  A giant cockroach zombie (D:2)
  8 rats
110 creatures vanquished.

Vanquished Creatures (others)
  A withered plant (D:2)
1 creature vanquished.

Grand Total: 111 creatures vanquished

Notes
Turn   | Place    | Note
-------+----------+-------------------------------------------
     0 | D:1      | Fang the Gargoyle Berserker began the quest for the Orb.
     0 | D:1      | Reached XP level 1. HP: 14/14 MP: 1/1
    97 | D:1      | Reached XP level 2. HP: 12/19 MP: 2/2
   414 | D:1      | Reached XP level 3. HP: 23/23 MP: 3/3
   744 | D:1      | Reached ** piety under Trog
  1161 | D:2      | Found a blossoming altar of Fedhas.
  1288 | D:2      | Found an ornate altar of the Wu Jian Council.
  1288 | D:2      | Found a sacrificial altar of Ru.
  1562 | D:3      | Reached XP level 4. HP: 7/29 MP: 4/4
  2177 | D:3      | Noticed an ogre
  2187 | D:3      | Killed an ogre
  2187 | D:3      | Reached XP level 5. HP: 33/33 MP: 5/5
  2784 | D:4      | Reached XP level 6. HP: 32/39 MP: 6/6
  3637 | D:5      | Entered Level 5 of the Dungeon
  3651 | D:5      | Noticed a sky beast
  3688 | D:5      | Killed a sky beast
  3688 | D:5      | Reached skill level 5 in Fighting
  3688 | D:5      | Reached XP level 7. HP: 44/44 MP: 7/7
  3732 | D:5      | Found a staircase to the Ecumenical Temple.
  3773 | D:5      | Reached *** piety under Trog
  4151 | Temple   | Entered the Ecumenical Temple
  4661 | D:5      | Reached skill level 5 in Armour
  4665 | D:5      | Found a shimmering altar of Xom.
  4715 | D:6      | Found Eraj's Food Shop.
  4735 | D:6      | Reached XP level 8. HP: 30/51 MP: 8/8
  5166 | D:6      | Reached skill level 5 in Axes
  5345 | D:6      | Noticed Prince Ribbit
  5775 | D:6      | Found Nisoig's Antique Armour Shoppe.
  5803 | D:6      | Bought a pair of distressingly furry boots for 218 gold
                  | pieces
  5808 | D:6      | Identified the +5 pair of boots "Hyddiodgh" {rCorr} (You
                  | bought it in a shop on level 6 of the Dungeon)
  6166 | D:6      | Found an iron altar of Okawaru.
  6278 | D:6      | Slain by Prince Ribbit

Skill      XL: |  1  2  3  4  5  6  7  8 |
---------------+-------------------------+-----
Axes           | 3 4 5 |  5.4
Dodging        | 2 3 4 |  4.5
Armour         | 3 4 5 6 |  6.0
Fighting       | 4 5 6 |  6.4

Action                   |  1- 3 |  4- 6 |  7- 9 || total
-------------------------+-------+-------+-------++-------
Melee: Hand axe          |   173 |   207 |    87 ||   467
       War axe           |       |       |   139 ||   139
Invok: Berserk           |     1 |     2 |     3 ||     6
  Eat: Chunk             |     2 |    10 |     8 ||    20
       Ration            |       |       |     1 ||     1
Armor: Animal skin       |    50 |    11 |       ||    61
       Scale mail        |       |    55 |       ||    55
       Chain mail        |       |    85 |    83 ||   168
       Leather armour    |       |       |    77 ||    77
Dodge: Dodged            |    94 |   111 |   113 ||   318
